 Dungeon Crawl Stone Soup version 0.31-a0-176-g91f28db67f (webtiles) character file.

Game seed: 11278918484342930677

256 Elmgren the Shooter (level 6, -3/35 HPs)
             Began as a Gargoyle Hunter on June 18, 2023.
             Slain by a wight
             ... wielding a +4 falchion
              (8 damage)
             ... on level 3 of the Dungeon.
             The game lasted 00:02:25 (1885 turns).

Elmgren the Shooter (Gargoyle Hunter)               Turns: 1885, Time: 00:02:25

Health: -3/35      AC:  8    Str: 15    XL:     6   Next: 15%
Magic:  6/6        EV: 12    Int:  9    God:
Gold:   114        SH:  0    Dex: 21    Spells: 5/5 levels left

rFire   . . .        a - +0 shortbow
rCold   . . .        (shield currently unavailable)
rNeg    + . .        c - +0 leather armour
rPois   ∞            (no helmet)
rElec   +            g - +0 cloak
rCorr   .            (no gloves)
SInv    .            (no boots)
Will    .....        (no amulet)
Stlth   ++           k - +6 ring of dexterity
HPRegen 0.25/turn    (no ring)
MPRegen 0.10/turn

%: no passive effects
@: no status effects
A: sickness immunity, AC +4, negative energy resistance 1, electricity
resistance, torment resistance 1, petrification resistance
a: no special abilities


You were on level 3 of the Dungeon.
You visited 1 branch of the dungeon, and saw 3 of its levels.

You collected 114 gold pieces.

Inventory:

Hand Weapons
 a - a +0 shortbow (weapon)
Armour
 c - a +0 leather armour (worn)
 g - a +0 cloak (worn)
Jewellery
 k - a +6 ring of dexterity (left hand)
Scrolls
 b - a scroll of butterflies
 d - a scroll of vulnerability {unknown}
 e - a scroll of fog {unknown}
 h - 3 scrolls of blinking {unknown}
 j - a scroll of teleportation {unknown}
 l - 3 scrolls of identify {unknown}
 n - a scroll of acquirement {unknown}
Potions
 f - 2 potions of curing {unknown}
 i - a potion of heal wounds {unknown}
 m - a potion of attraction {unknown}


   Skills:
 - Level 2.1 Fighting
 + Level 7.2 Ranged Weapons
 - Level 1.5 Dodging
 - Level 1.1 Stealth


You had 5 spell levels left.
You didn't know any spells.
Your spell library was empty.

Dungeon Overview and Level Annotations

Branches:
Dungeon (3/15)

Altars:


Innate Abilities, Weirdness & Mutations

You are immune to sickness and miasma.
Your stone body is resilient. (AC +4)
You are immune to poison.
You resist negative energy. (rN+)
You are resistant to electric shocks. (rElec)
You are resistant to unholy torment.
You are immune to petrification.


Message History

There are monsters nearby!
You shoot an arrow. The arrow closely misses the wight. x2
There are monsters nearby!
You shoot an arrow. The arrow hits the wight.
The wight is lightly damaged.
There are monsters nearby!
You shoot an arrow. The arrow hits the wight.
The wight is lightly damaged.
The wight hits you with a +4 falchion!
There are monsters nearby!
You shoot an arrow.
The arrow hits the wight but does no damage.
The wight is lightly damaged.
The wight hits you with a +3 falchion! The wight hits you with a +4 falchion.
There are monsters nearby!
You are too injured to fight recklessly!
There are monsters nearby!
You are too injured to fight recklessly!
There are monsters nearby!
You shoot an arrow. The arrow hits the wight.
The wight is heavily damaged.
The wight hits you with a +3 falchion! The wight hits you with a +4 falchion.
* * * LOW HITPOINT WARNING * * *
Things that are here:
a +4 halberd; a +0 robe The wight attacks as you move away!
The wight completely misses you. The wight attacks as you move away!
The wight closely misses you.
Found a stone staircase leading up.
The wight attacks as you move away! The wight hits you with a +3 falchion.
* * * LOW HITPOINT WARNING * * *
An orc comes into view. It is wielding a +0 flail.
A goblin comes into view. It is wielding a +0 club.
The goblin shouts!
You hear a shout!
An orc comes into view. It is wielding a +0 dagger.
An orc comes into view.
It is wielding a +0 whip and carrying a wand of flame (5).
The goblin closely misses you. The wight hits you with a +3 falchion.
* * * LOW HITPOINT WARNING * * *
An orc comes into view. It is wielding a +0 mace.
The wight hits you with a +4 falchion!
You die...

#.### ##...... ###.# #.....##
#...# #.###.## #.### #..# #.
#..# # ##.# ## ##..###. ##..
#.#### #..# ##. ...<.#. ###
#....###.## #..#####...... #
#####.##..####.#.......#
†..............g@###...#
####.....#.o>...zz#....######
#.###.##### #.# ##...#
#o..###.###.#...... #.# .#.#
#..## #.# #.####### ..#
.#.##..## ..# #.).# ###.##
.#....## #.## ###.## ....###
.....# #. #..### ..#.... ...
#. ##...#


You could see 2 wights, 4 orcs and a goblin.

Vanquished Creatures
  A water moccasin (D:3)
  A wight (D:3)
  3 adders
  3 worms
  2 dart slugs
  2 orcs (D:3)
  5 bats
  4 endoplasms
  2 giant cockroaches (D:2)
  8 goblins
  5 hobgoblins
  4 jackals (D:1)
  5 ball pythons
  2 frilled lizards
  4 kobolds
  4 rats (D:2)
55 creatures vanquished.

Notes
Turn   | Place    | Note
-------+----------+-------------------------------------------
     0 | D:1      | Elmgren the Gargoyle Hunter began the quest for the Orb.
     0 | D:1      | Reached XP level 1. HP: 12/12 MP: 1/1
   323 | D:1      | Reached XP level 2. HP: 17/17 MP: 2/2
   677 | D:1      | Reached XP level 3. HP: 21/21 MP: 3/3
   689 | D:1      | Reached skill level 5 in Ranged Weapons
  1303 | D:2      | Identified the +5 mace of the Grim God {heavy, rC+ Str+3}
  1360 | D:2      | Reached XP level 4. HP: 26/26 MP: 4/4
  1611 | D:3      | Noticed a water moccasin
  1623 | D:3      | Killed a water moccasin
  1624 | D:3      | Reached skill level 6 in Ranged Weapons
  1624 | D:3      | Reached XP level 5. HP: 21/30 MP: 5/5
  1838 | D:3      | Reached skill level 7 in Ranged Weapons
  1838 | D:3      | Reached XP level 6. HP: 31/35 MP: 6/6
  1885 | D:3      | Slain by a wight

Illustrated notes

Levels and vault maps discovered:
D:1:      reono_arrival_forest_river, layout_loops_corners
D:2:      layout_basic
D:3:      layout_rooms, ebering_ecumenical_altar_box, reono_crystal_passage,
          uniq_jessica

Skill      XL: |  1  2  3  4  5 |
---------------+----------------+-----
Ranged Weapons | 5 6 7 |  7.2
Fighting       | |  2.1
Dodging        | |  1.5
Stealth        | |  1.1

Action                     |  1- 3 |  4- 6 || total
---------------------------+-------+-------++-------
   Fire: Shortbow          |   112 |    69 ||   181
 Armour: Leather armour    |    20 |     3 ||    23
  Dodge: Dodged            |    16 |    18 ||    34

Table legend: (Time is in decaauts)
 A = Elapsed time spent in this place.
 B = Non-inter-level travel time spent in this place.
 C = Inter-level travel time spent in this place.
 D = Time resting spent in this place.
 E = Time spent auto-exploring this place.
 F = Levels seen in this place.
 G = Mean time per level.
                   A        B        C        D        E       F      G
               +--------+--------+--------+--------+--------+-----+--------+
         Total |   1922 |   1877 |     45 |    100 |   1440 |   3 |  640.7 |
       Dungeon |   1922 |   1877 |     45 |    100 |   1440 |   3 |  640.7 |
               +--------+--------+--------+--------+--------+-----+--------+

Top non-repeatable levels by time:
     D:1: 926 daAuts
     D:2: 715 daAuts
     D:3: 280 daAuts
